 Dungeon Crawl Stone Soup version bcrawl-1.40 (webtiles) character file.

Game seed: 7676986225791216415

108281 Rhok the Magician (level 4, 0/33 HPs)
             Began as an Oni Wizard on Oct 22, 2023.
             Slain by a vampire bat (3 damage)
             ... on level 3 of the Dungeon.
             The game lasted 00:06:24 (2294 turns).

Rhok the Magician (Oni Wizard)                      Turns: 2294, Time: 00:06:25

Health: 0/33       AC:  3    Str: 10    XL:     4   Next: 37%
Magic:  0/11       EV: 12    Int: 20    God:
Gold:   246        SH:  0    Dex: 10    Spells: 3/10 levels left

rFire    . . .     GDR:     22% a - +0 staff
rCold    . . .     SeeInvis .   (no shield)
rNeg     . . .     Gourm    .   b - +0 animal skin
rPois    .         Faith    .   c - +1 hat
rElec    .         Spirit   .   (no cloak)
rCorr    .         Reflect  .   (no gloves)
MR       .....                  (no boots)
Stlth    ++........             (no amulet)
HPRegen  0.15/turn              (no ring)
MPRegen  0.12/turn              (no ring)

@: about to teleport, marked
A: oni magic, claws 1, fangs 1, horns 1
a: no special abilities


You were on level 3 of the Dungeon.
You were hungry.

You visited 1 branch of the dungeon, and saw 3 of its levels.

You collected 246 gold pieces.

Inventory:

Hand Weapons
 a - a +0 staff (weapon)
Missiles
 j - 279 arrows
Armour
 b - a +0 animal skin (worn)
 c - a +1 hat (worn)
Jewellery
 m - an uncursed ring of wizardry {unknown}
 r - a cursed amulet of inaccuracy {unknown}
Scrolls
 i - a scroll of identify
 k - 2 scrolls of revelation
 p - a scroll of immolation {unknown}
Potions
 d - a potion of mutation
 f - a potion of brilliance
 g - 2 potions of curing
 q - a potion of agility {unknown}
Comestibles
 e - 7 rations {!d}
 s - 2 chunks of flesh


   Skills:
 - Level 1.7 Dodging
 + Level 2.7 Stealth
 * Level 3.5 Spellcasting
   Level 3.5 Conjurations
   Level 3.5 Hexes
   Level 3.5 Charms
   Level 3.5 Summonings
   Level 3.5 Necromancy
   Level 3.5 Translocations
   Level 3.5 Transmutations
   Level 3.5 Fire Magic
   Level 3.5 Ice Magic
   Level 3.5 Air Magic
   Level 3.5 Earth Magic
   Level 3.5 Poison Magic


You had 3 spell levels left.
You knew the following spells:

 Your Spells              Type           Power        Failure   Level  Hunger
a - Sticks to Snakes      Tmut           ###.....     4%          2    None
b - Blink                 Tloc           N/A          4%          2    None
c - Call Imp              Summ           ###...       4%          2    None
z - Magic Dart            Conj           ###.         2%          1    None

Your spell library contained the following spells:

 Spells                   Type           Power        Failure   Level  Hunger
 Corona                   Hex            ###....      2%          1    None
 Conjure Flame            Conj/Fire      ###.....     10%         3    ####...
 Spider Form              Tmut/Pois      ###          10%         3    ####...
 Mephitic Cloud           Conj/Pois/Air  ###.....     11%         3    ####...


Dungeon Overview and Level Annotations

Branches:
Dungeon (3/12)

Altars:
Kikubaaqudgha
Makhleb


Innate Abilities, Weirdness & Mutations

You learn spells by gaining experience, not through books or religion.
You only train spellcasting to practice magic.
You have sharp fingernails.
You have very sharp teeth.
You have a pair of small horns on your head.


Message History

A sentinel's mark forms upon ye.
It was a scroll o' noise.
Tha vampire bat barely misses ye.
Tha vampire bat closely misses yer crimson imp.
Tha vampire bat misses ye.
Tha vampire bat barely misses ye.
As ye read tha scroll labeled CEOGHO VICEKK, it crumbles ta dust.
Ye feel strangely unst'ble.
It was a scroll o' teleportation.
Somethin' barely misses yer crimson imp.
Tha vampire bat bites ye but does nay damage.
Tha vampire bat closely misses ye.
Unknown command.
Unknown command.
Unknown command.
Ye ar'n't carryin' any items tha ye can evoke.
Unknown command.
Unknown command.
Unknown command.
Castin': Sticks ta Snakes (safe; 4% risk o' failure) Confirm wit' . or Enter, or press ? or * ta list all spells.
Ye blink.
Tha vampire bat bites ye.
Ye die...

#...## #.##.#.#.#.#.#
.#.#.####.##..#.⌠.#b.#
...##.##..##.#.#.#.#.#
..........###.⌠.#.⌠5##
#.#.###...##.#.#.#.#§##
##.## #...#.⌠.#.⌠.#.⌠.#
,###**#...##.#.#.#.#.##
,,,,,,....#.#.⌠b#b⌠b#.#
,****##...##.#.#@#.#.##
** #.#.#.⌠.#...#,⌠.#
******#.#.##.#.⌠.⌠.#,##
,,,,,,..#.###..._...#*
********#.# ##.⌠.⌠.##
#########.# #######
.......##.#
.#####.##.#####
..............#


You could see 3 vampire bats.

Vanquished Creatures
  An adder (D:2)
  2 oozes (D:1)
  3 worms
  2 leopard geckos (D:1)
  3 bat zombies (D:3)
  A giant cockroach (D:1)
  2 goblins
  3 hobgoblins (D:1)
  A jackal (D:2)
  3 kobolds (D:1)
  2 frilled lizards
  3 rats
26 creatures vanquished.

Vanquished Creatures (collateral kills)
  An adder (D:3)
  A leopard gecko (D:3)
  A ball python (D:2)
  2 bats
  A bat skeleton (D:3)
  A bat zombie (D:3)
  A goblin (D:2)
  2 hobgoblins
  2 kobolds
  A rat (D:1)
13 creatures vanquished.

Grand Total: 39 creatures vanquished

Notes
Turn   | Place    | Note
-------+----------+-------------------------------------------
     0 | D:1      | Rhok the Oni Wizard began the quest for the Orb.
     0 | D:1      | Reached XP level 1. HP: 14/14 MP: 6/6
    69 | D:1      | Reached XP level 2. HP: 20/20 MP: 5/7
   285 | D:1      | Reached skill level 3 in Spellcasting
   357 | D:1      | Found a roughly hewn altar of Beogh.
   357 | D:1      | Noticed an orc warrior
   362 | D:1      | Learned a level 2 spell: Blink
   365 | D:1      | Learned a level 2 spell: Call Imp
   386 | D:1      | Reached XP level 3. HP: 21/26 MP: 1/9
  1189 | D:2      | Found a burning altar of Makhleb.
  1190 | D:2      | Noticed an Executioner
  1219 | D:2      | Found a glowing silver altar of Zin.
  1219 | D:2      | Noticed an angel
  1798 | D:3      | Reached XP level 4. HP: 33/33 MP: 6/11
  1801 | D:3      | Learned a level 2 spell: Sticks to Snakes
  1838 | D:3      | Noticed an ice beast
  2254 | D:3      | Found an ancient bone altar of Kikubaaqudgha.
  2294 | D:3      | Slain by a vampire bat

Skill      XL: |  1  2 |
---------------+-------+-----
Stealth        | 2 |  2.7
Spellcasting   | 3 |  3.5
Dodging        | |  1.7
Conjurations   | |  3.5
Hexes          | |  3.5
Charms         | |  3.5
Summonings     | |  3.5
Necromancy     | |  3.5
Translocations | |  3.5
Transmutations | |  3.5
Fire Magic     | |  3.5
Ice Magic      | |  3.5
Air Magic      | |  3.5
Earth Magic    | |  3.5
Poison Magic   | |  3.5

Action                   |  1- 3 |  4- 6 || total
-------------------------+-------+-------++-------
Melee: Staff             |    10 |    20 ||    30
       Headbutt          |       |     2 ||     2
       Bite              |       |     2 ||     2
 Cast: Magic Dart        |    47 |       ||    47
       Call Imp          |    20 |    14 ||    34
       Blink             |     1 |     2 ||     3
       Sticks to Snakes  |       |     2 ||     2
  Use: Scroll            |     4 |     4 ||     8
       Potion            |       |     1 ||     1
 Stab: Sleeping          |       |     1 ||     1
  Eat: Chunk             |     4 |     2 ||     6
Armor: Animal skin       |     4 |    19 ||    23
Dodge: Dodged            |    15 |    66 ||    81
